 Dungeon Crawl Stone Soup version 0.22-a0-439-gac93bac (webtiles) character file.

113 Jynxie the Firebug (level 4, 0/33 HPs)
             Began as a Hill Orc Fire Elementalist on May 29, 2018.
             Slain by a leopard gecko (2 damage)
             ... on level 3 of the Dungeon.
             The game lasted 00:14:52 (2459 turns).

Jynxie the Firebug (Hill Orc Fire Elementalist)     Turns: 2459, Time: 00:14:53

Health: 0/33       AC:  3    Str: 10    XL:     4   Next: 96%
Magic:  5/7        EV: 12    Int: 16    God:
Gold:   135        SH:  0    Dex: 11    Spells: 1/7 levels left

rFire    . . .     SeeInvis .   k - +0 hand axe
rCold    . . .     Gourm    .   (no shield)
rNeg     . . .     Faith    .   a - +0 robe
rPois    .         Spirit   .   q - +0 helmet
rElec    .         Reflect  .   (no cloak)
rCorr    .         Harm     .   (no gloves)
MR       .....                  (no boots)
Stlth    ++........             (no amulet)
HPRegen  0.11/turn              (no ring)
MPRegen  0.10/turn              (no ring)

@: no status effects
A: no striking features
a: Convert to Beogh


You were on level 3 of the Dungeon.
You were not hungry.

You visited 1 branch of the dungeon, and saw 3 of its levels.

You collected 135 gold pieces.

Inventory:

Hand Weapons
 k - a +0 hand axe (weapon)
   (You found it on level 2 of the Dungeon)
Armour
 a - a +0 robe (worn)
 n - a +0 leather armour
   (You found it on level 2 of the Dungeon)
 q - a +0 helmet (worn)
   (You found it on level 2 of the Dungeon)
 t - a +0 buckler
   (You found it on level 3 of the Dungeon)
Scrolls
 b - a scroll of remove curse {@r2}
 f - 3 scrolls of identify {unknown}
 g - a scroll of amnesia {unknown}
 h - a scroll of fog {unknown}
 j - a scroll of enchant weapon {unknown}
 l - a scroll of immolation {unknown}
 m - a scroll of teleportation {unknown}
 o - a scroll of noise {unknown}
 p - a scroll of blinking {unknown}
 r - 2 scrolls of fear {unknown}
 w - a scroll of enchant armour {unknown}
Potions
 c - a potion of agility {unknown}
 d - a potion of haste {unknown}
 i - a potion of might {unknown}
 s - a potion of magic {unknown}
 v - a potion of mutation {unknown}
Comestibles
 e - 8 rations {!d}
 u - a chunk of flesh


   Skills:
 - Level 2.0 Dodging
 - Level 2.0 Stealth
 - Level 2.0 Spellcasting
 + Level 1.5 Conjurations
 - Level 5.0 Fire Magic


You had one spell level left.
You knew the following spells:

 Your Spells              Type           Power        Failure   Level  Hunger
a - Flame Tongue          Conj/Fire      ##...        5%          1    #......
d - Conjure Flame         Conj/Fire      ##......     16%         3    ###....
z - Throw Flame           Conj/Fire      ##....       9%          2    ###....

Your spell library contained the following spells:

 Spells                   Type           Power        Failure   Level  Hunger
 Fireball                 Conj/Fire      ##........   83%         5    ######.
 Sticky Flame             Conj/Fire      ##......     47%         4    #####..
 Inner Flame              Hex/Fire       #.......     22%         3    ###....


Dungeon Overview and Level Annotations

Branches:
Dungeon (3/15)

Altars:
Elyvilon
Okawaru


Message History

You feel sick.
You start resting.
You feel sick. x2
You are no longer poisoned.
You start resting.
Your magical contamination has completely faded away.
Found a ration.
e - 8 rations {!d} (gained 1)
There is a white marble altar of Elyvilon here.
Found a large gilded ring.
v - a large gilded ring Put on which piece of jewellery? (? for menu, Esc to quit)
Oops, that ring feels deathly cold.
v - a cursed ring of loudness (left hand)
As you read the scroll labeled KIATUS EPIAR, it crumbles to dust.
You feel as if something is helping you.
It was a scroll of remove curse.
You remove your ring of loudness.
You drop an uncursed ring of loudness.
Found a stone staircase leading up.
There is a stone staircase leading up here.
Found a golden potion.
Found a scroll labeled YNNIWK DAIN.
v - a golden potion
w - a scroll labeled YNNIWK DAIN
Found a stone staircase leading down.
A frilled lizard and an orc priest come into view.
The orc priest threatens, "By the altar or by the axe, you will meet Beogh!" (press Y on the ability menu to convert to Beogh)
The orc priest shouts!
You hear a shout! x3
An orc comes into view. It is wielding a hand axe.
A hobgoblin comes into view. It is wielding a club.
Found a glowing short sword and 17 arrows.
The fire ignites!
The orc shouts!
An orc comes into view. It is wielding a hand axe.
The orc priest looks braver for a moment.
A leopard gecko comes into view.
The orc priest mumbles some strange prayers to Beogh against you.
Beogh smites you!
The leopard gecko hisses angrily.
The frilled lizard bites you.
* * * LOW HITPOINT WARNING * * *
The frilled lizard bites you.
* * * LOW HITPOINT WARNING * * *
The orc priest mumbles some strange prayers to Beogh against you.
Beogh smites you!
* * * LOW HITPOINT WARNING * * *
The leopard gecko bites you.
You die...

#.##.##.# ..#...#.#
<.#.♣.#.########## (.#
..#...#......<...# ..#
.###.###########.# ..# .# #.# #.#
### ..# ####.## ##### ##.## ##.##
..# ###...###...###...#
##.#.##..#
...._...^.♣...#.@.###.###.#..####
###...###...#....l...## ##....ooo
# ##.## #####.......#.###.#..####
####.########......l##.#.##..#
#.##.##..................o...#
#.#...#########.#####.o....).....
#.#.♣.# #.# #........#### #.#...#
#.# #....##### #.##.## #.# #..>.#


You could see an orc priest, a leopard gecko and a frilled lizard.

Vanquished Creatures
  3 gnolls (D:2)
  3 adders
  An ooze (D:1)
  A dart slug (D:1)
  2 leopard geckos
  3 bats
  A giant cockroach (D:2)
  8 goblins
  5 hobgoblins
  6 jackals
  4 kobolds
  A quokka (D:2)
  2 ball pythons (D:1)
  5 frilled lizards
  3 rats
48 creatures vanquished.

Notes
Turn   | Place    | Note
-------+----------+-------------------------------------------
     0 | D:1      | Jynxie the Hill Orc Fire Elementalist began the quest for the Orb.
     0 | D:1      | Reached XP level 1. HP: 14/14 MP: 3/3
   279 | D:1      | Reached XP level 2. HP: 20/20 MP: 2/4
   607 | D:1      | Reached XP level 3. HP: 19/26 MP: 2/5
   983 | D:1      | Learned a level 3 spell: Conjure Flame
  1447 | D:2      | Reached skill level 4 in Fire Magic
  1468 | D:2      | Reached XP level 4. HP: 25/33 MP: 0/7
  1642 | D:2      | Found an iron altar of Okawaru.
  1919 | D:2      | Reached skill level 5 in Fire Magic
  1923 | D:2      | Learned a level 2 spell: Throw Flame
  2327 | D:3      | Found a white marble altar of Elyvilon.
  2459 | D:3      | Slain by a leopard gecko

Vault maps used:
D:1:      dpeg_chamrin_arrival_tetris
D:2:      okawaru_gym_becter, first_ration
D:3:      lemuel_coloured_pillars_altar, elyvilon_altar_1,
          lexackson_kobold_supper, uniq_ijyb

Skill      XL: |  1  2  3  4 |
---------------+-------------+-----
Stealth        | 2 |  2.0
Dodging        | 2 |  2.0
Spellcasting   | 2 |  2.0
Fire Magic     | 4 5 |  5.0
Conjurations   | |  1.5

Action                   |  1- 3 |  4- 6 || total
-------------------------+-------+-------++-------
Melee: Unarmed           |    34 |       ||    34
       Hand axe          |       |    47 ||    47
 Cast: Flame Tongue      |    46 |    16 ||    62
       Conjure Flame     |     1 |     2 ||     3
  Use: Scroll            |       |     1 ||     1
 Stab: Sleeping          |       |     3 ||     3
  Eat: Chunk             |     3 |     3 ||     6
Armor: Robe              |    10 |    14 ||    24
Dodge: Dodged            |    39 |    47 ||    86

Table legend:
 A = Spawn XP
 B = Non-spawn XP
 C = Spawn XP percentage of total XP
 D = Spawn monster count
 E = Non-spawn monster count
 F = Spawn count percentage of total count
 G = Total turns spent on level
                    A         B        C        D         E        F      G
               +---------+---------+-------+---------+---------+-------+---------
         Total |       0 |     162 |   0.0 |       0 |      48 |   0.0 |  2459
               +---------+---------+-------+---------+---------+-------+---------
           D:1 |       0 |      50 |   0.0 |       0 |      19 |   0.0 |  1315
           D:2 |       0 |      97 |   0.0 |       0 |      26 |   0.0 |   968
           D:3 |       0 |      15 |   0.0 |       0 |       3 |   0.0 |   176
               +---------+---------+-------+---------+---------+-------+---------
